 Dungeon Sprint DCSS version 0.27-a0-1519-gc8121b24ce (webtiles) character file.

Game seed: 8958713220659768519

26142 Conn the Scorcher (level 13, 0/76 HPs)
             Began as an Octopode Fire Elementalist on July 10, 2021.
             Was a High Priest of Sif Muna.
             Slain by a fire giant (27 damage)
             ... in the Dungeon (Sprint I: "Red Sonja").
             The game lasted 00:44:18 (5127 turns).

Conn the Scorcher (Octopode Fire Elementalist)      Turns: 5127, Time: 00:44:22

Health: 0/76       AC:  3    Str:  7    XL:     13   Next: 24%
Magic:  5/27       EV: 15    Int: 30    God:    Sif Muna [*****.]
Gold:   2843       SH:  0    Dex: 10    Spells: 4/39 levels left

rFire    + . .     SeeInvis .   k - staff of fire
rCold    + . .     Faith    .   (no shield)
rNeg     . . .     Spirit   .   r - +2 hood of the Assassin {Detection Stab+ Stlth++}
rPois    .         Reflect  .   (no amulet)
rElec    .         Harm     .   q - ring "Iwimoox" {rC+ rCorr Int+9 Dex-2}
rCorr    +         Rampage  .   (no ring)
Will     .....     NoTele   +   (no ring)
Stlth    ++++++....             (no ring)
HPRegen  0.22/turn              (no ring)
MPRegen  0.20/turn              (no ring)
                                (no ring)
                                (no ring)

@: no status effects
A: almost no armour, amphibious, 8 rings, camouflage 1, gelatinous body 1,
(nimble swimmer 1), tentacles, clumsy 1, low mp 1, no potion heal 1
a: Renounce Religion, Channel Magic, Forget Spell, Divine Exegesis


You were in the Dungeon.
You worshipped Sif Muna.
Sif Muna was extremely pleased with you.
You visited 1 branch You collected 4507 gold pieces.
You spent 1664 gold pieces at shops.

Inventory:

Hand Weapons
 d - the +8 great mace "Tajoexiq" {drain, Fly rPois rF- rC++}
   (You found it in the Dungeon)

   A truly terrible weapon, it drains the life of those it strikes.
   rF:        It makes you vulnerable to fire.
   rC:        It greatly protects you from cold.
   rPois:     It protects you from poison.
   Fly:       It grants you flight.
 e - a +0 dagger
 h - a +0 short sword of draining
 n - the +11 flail of Tomorrow {vorpal, Str+5 Int+2}
   (You found it in the Dungeon)

   It inflicts extra damage upon your enemies.
   Str:       It affects your strength (+5).
   Int:       It affects your intelligence (+2).
 u - the +6 broad axe of Kuaguscho {protect, rF+ Dex+7}
   (You found it in the Dungeon)

   It grants its wielder temporary protection when it strikes (+7 to AC).
   Dex:       It affects your dexterity (+7).
   rF:        It protects you from fire.
 y - the +7 arbalest of Defence by Offence {elec, Str+10 SInv}
   (You found it in the Dungeon)

   It charges the ammunition it shoots with electricity; occasionally upon a
   hit, such missiles may discharge and cause terrible harm.
   Str:       It affects your strength (+10).
   SInv:      It lets you see invisible.
Missiles
 g - 3 curare-tipped darts (quivered)
Armour
 m - a +1 buckler of protection
 r - the +2 hood of the Assassin (worn) {Detection Stab+ Stlth++}
   (You bought it in a shop in the Dungeon)

   Stlth:     It makes you much more stealthy.
Magical Staves
 k - a staff of fire (weapon)
 s - a staff of earth
 t - a staff of poison
 v - a staff of air
Jewellery
 q - the ring "Iwimoox" (left tentacle) {rC+ rCorr Int+9 Dex-2}
   (You acquired it in the Dungeon)

   [ring of protection from cold]

   Int:       It affects your intelligence (+9).
   Dex:       It affects your dexterity (-2).
   rC:        It protects you from cold.
   rCorr:     It protects you from acid and corrosion.
Wands
 c - a wand of acid (5)
Scrolls
 f - a scroll of blinking
 w - a scroll of magic mapping {unknown}
 x - a scroll of fog {unknown}
Potions
 a - a potion of curing
 b - a potion of resistance
 j - 2 potions of mutation {unknown}
 l - a potion of flight {unknown}
Miscellaneous
 i - a box of beasts
 o - a tin of tremorstones (2/2)
 p - a tin of tremorstones (2/2)


   Skills:
 + Level 2.7 Fighting
 + Level 0.7 Short Blades
 + Level 5.2 Maces & Flails
 + Level 0.6 Throwing
 + Level 6.8 Dodging
 - Level 6.0 Stealth
 - Level 5.0 Shields
 + Level 13.6 Spellcasting
 * Level 16.7 Conjurations
 + Level 5.0 Hexes
 + Level 3.5 Summonings
 * Level 19.9 Fire Magic
 + Level 1.3 Ice Magic
 + Level 0.3 Earth Magic
 - Level 9.0 Invocations


You had 4 spell levels left.
You knew the following spells:

 Your Spells              Type           Power      Damage    Failure   Level
a - Foxfire               Conj/Fire      100%       2x1d9     0%          1
b - Orb of Destruction    Conj           44%        9d14      1%          7
c - Bolt of Magma         Conj/Fire/Erth 48%        4d20      1%          5
d - Sticky Flame          Conj/Fire      100%       2d11      0%          4
e - Fireball              Conj/Fire      57%        3d22      1%          5
f - Summon Guardian Gole  Hex/Summ       46%        N/A       1%          3
g - Mephitic Cloud        Conj/Pois/Air  52%        N/A       1%          3
h - Hailstorm             Conj/Ice       66%        3d14      1%          4
i - Stone Arrow           Conj/Erth      100%       3d13      1%          3

Your spell library contained the following spells:

 Spells                   Type           Power      Damage    Failure   Level
 Searing Ray              Conj           100%       3d7       0%          2
 Conjure Flame            Conj/Fire      100%       6-21      0%          3
 Corona                   Hex            55%        N/A       1%          1
 Ensorcelled Hibernation  Hex/Ice        78%        N/A       1%          2
 Static Discharge         Conj/Air       63%        N/A       1%          2
 Dazzling Flash           Conj/Hex       100%       N/A       1%          3
 Ignite Poison            Fire/Tmut/Pois 74%        N/A       1%          3
 Inner Flame              Hex/Fire       97%        N/A       1%          3
 Fulminant Prism          Conj/Hex       36%        3d18      1%          4
 Animate Skeleton         Necr           40%        N/A       2%          1
 Pain                     Necr           80%        1d8       2%          1
 Vampiric Draining        Necr           10%        2d7       8%          3
 Leda's Liquefaction      Hex/Erth       18%        N/A       8%          4
 Iskenderun's Battlesphe  Conj           88%        2d14      1%          5
 Ignition                 Fire           59%        3d16      4%          8
 Iron Shot                Conj/Erth      32%        9d7       11%         6
 Summon Mana Viper        Hex/Summ       46%        N/A       12%         5
 Conjure Ball Lightning   Conj/Air       31%        3x3d10    12%         6
 Metabolic Englaciation   Hex/Ice        19%        N/A       19%         5
 Yara's Violent Unravell  Hex/Tmut       17%        3d8       24%         5
 Spellforged Servitor     Conj/Summ      34%        N/A       32%         7
 Borgnjor's Vile Clutch   Necr/Erth      10%        N/A       54%         5
 Agony                    Necr           20%        N/A       56%         5
 Fire Storm               Conj/Fire      57%        8d14      78%         9
 Statue Form              Tmut/Erth      14%        N/A       98%         6
 Lehudib's Crystal Spear  Conj/Erth      32%        10d8      99%         8
 Malign Gateway           Summ/Tloc      15%        N/A       100%        7
 Discord                  Hex            25%        N/A       100%        8
 Necromutation            Tmut/Necr      10%        N/A       100%        8


Dungeon Overview and Level Annotations

Branches:
Dungeon (1/1)

Altars:
Cheibriados
Dithmenos
Elyvilon
Fedhas
Gozag
Hepliaklqana
Kikubaaqudgha
Makhleb
Nemelex Xobeh
Okawaru
Qazlal
Ru
Sif Muna
Trog
Uskayaw
Vehumet
Wu Jian
Xom
Yredelemnul
Zin
The Shining One
Jiyva
Lugonu

Shops:
D !:([[:(?[[?**((!(?[[[


Innate Abilities, Weirdness & Mutations

You cannot wear most types of armour.
You are amphibious.
You can wear up to eight rings at the same time.
Your skin changes colour to match your surroundings (Stealth+).
Your rubbery body absorbs attacks. (AC +1, EV +1)
((You are camouflaged near water. (Stealth+)))
You have tentacles for arms and can constrict up to eight enemies at once.
You are clumsy. (Dex -2)
Your magical capacity is low. (-10% MP)
Potions are less effective at restoring your health.


Message History

The stone arrow hits the fire giant!!
The fire giant is lightly wounded.
The fire giant is engulfed in noxious fumes.
Casting: Stone Arrow (safe; 1% risk of failure)
Confirm with . or Enter, or press ? or * to list all spells.
Casting: Hailstorm (mildly dangerous; 1% risk of failure)
Press: ? - help, Dir - look around, f - activate A cannonade of hail descends around you!
The hail pelts the fire giant.
The fire giant is moderately wounded.
Unknown command.
The fire giant seems less confused.
The fire giant points at you and mumbles some strange words.
The fireball explodes!
The fireball engulfs you!! You resist.
Casting: Hailstorm (mildly dangerous; 1% risk of failure)
Confirm with . or Enter, or press ? or * to list all spells.
Casting: Hailstorm (mildly dangerous; 1% risk of failure)
Press: ? - help, Dir - look around, f - activate A cannonade of hail descends around you!
The hail pelts the fire giant!!
The fire giant is heavily wounded.
Unknown command.
Casting: Hailstorm (mildly dangerous; 1% risk of failure)
Confirm with . or Enter, or press ? or * to list all spells.
Aiming: Stone Arrow (safe; 1% risk of failure)
Press: ? - help, Shift-Dir - straight line, f - fire giant
Aim: a fire giant, wielding a +1 great sword of flaming (heavily wounded, 95% to hit)
The stone arrow hits the fire giant!
The fire giant is heavily wounded.
The fire giant points at you and mumbles some strange words.
The bolt of fire hits you!! You resist.
Casting: Stone Arrow (safe; 1% risk of failure)
Confirm with . or Enter, or press ? or * to list all spells.
Aiming: Stone Arrow (safe; 1% risk of failure)
Press: ? - help, Shift-Dir - straight line, f/p - fire giant
Aim: a fire giant, wielding a +1 great sword of flaming (heavily wounded, 95% to hit)
The stone arrow hits the fire giant!
The fire giant is severely wounded.
The fire giant hits you with a +1 great sword of flaming!!
You die...

#################################
..'..#__#..)...#..#§§§§+§§§§§§§..
..#..'..'.)#...##'#.####.§§.§##..
####÷#__####...'@C#§# ##.§§#####
...#(####§.#####.§§§# ###+#...#
..##.#§≈§§§#..##+#### {#.##...
#'#_.'§≈≈§§§..# #..###.
'..._#§§§§§#..# ##.#)#.
#_.#'##§#####'### { {#..###.
##'#)#§...###.'.# #.##...
##.####'###.###§# #.§#'##
'...'.....'[∩##.# ##...#.


You could see a fire giant.

Vanquished Creatures
  the Lernaean hydra (D)
  A deep elf master archer (D)
  A fire giant (D)
  A daeva (D)
  A deep elf annihilator (D)
  A mummy priest (D)
  A hydra (D)
  2 centaur warriors (D)
  Sonja (D)
  A deep troll (D)
  A lindwurm (D)
  2 oklob plants (D)
  8 shining eyes (D)
  2 merfolk sirens (D)
  7 unseen horrors (D)
  2 kobold demonologists (D)
  A hellwing (D)
  4 demonic crawlers (D)
  5 hornets (D)
  A slime creature (D)
  2 redbacks (D)
  Sigmund (D)
  A yak (D)
  13 hogs (D)
  7 floating eyes (D)
  7 necrophages (D)
  An ogre (D)
  8 jellies (D)
  Ijyb (D)
  2 ballistomycete spores (D)
87 creatures vanquished.

Vanquished Creatures (others)
  A gargoyle (D)
  127 foxfires (D)
  2 fulminant prisms (D)
130 creatures vanquished.

Grand Total: 217 creatures vanquished

Notes
Turn   | Place    | Note
-------+----------+-------------------------------------------
     0 | D        | Conn the Octopode Fire Elementalist began the quest for the
                  | Orb.
     0 | D        | Reached XP level 1. HP: 11/11 MP: 3/3
     1 | D        | Noticed Ijyb
    10 | D        | Killed Ijyb
    11 | D        | Reached skill level 5 in Fire Magic
    11 | D        | Reached XP level 2. HP: 10/17 MP: 2/5
    11 | D        | Reached XP level 3. HP: 12/21 MP: 2/6
   184 | D        | Learned a level 3 spell: Conjure Flame
   188 | D        | Learned a level 3 spell: Inner Flame
   192 | D        | Noticed an ogre
   200 | D        | Killed an ogre
   201 | D        | Reached skill level 7 in Fire Magic
   201 | D        | Reached XP level 4. HP: 8/27 MP: 6/9
   425 | D        | Noticed Sigmund
   441 | D        | Killed Sigmund
   442 | D        | Reached skill level 9 in Fire Magic
   442 | D        | Reached XP level 5. HP: 31/31 MP: 2/11
   442 | D        | Reached XP level 6. HP: 36/36 MP: 2/12
   529 | D        | Learned a level 4 spell: Sticky Flame
   541 | D        | Found an ornate altar of the Wu Jian Council.
   541 | D        | Found a shimmering blue altar of Sif Muna.
   543 | D        | Found a radiant altar of Vehumet.
   547 | D        | Became a worshipper of Sif Muna the Loreminder
   551 | D        | Reached skill level 5 in Stealth
   551 | D        | Reached skill level 10 in Fire Magic
   577 | D        | Found a burning altar of Makhleb.
   577 | D        | Found a viscous altar of Jiyva.
   577 | D        | Found a shimmering altar of Xom.
   577 | D        | Found a corrupted altar of Lugonu.
   577 | D        | Noticed a slime creature
   586 | D        | Killed a slime creature
   587 | D        | Reached skill level 5 in Spellcasting
   587 | D        | Reached skill level 5 in Conjurations
   587 | D        | Reached skill level 11 in Fire Magic
   587 | D        | Reached XP level 7. HP: 32/42 MP: 4/14
   638 | D        | Killed a gargoyle
   685 | D        | Found Ehuw's Antique Armour Emporium.
   685 | D        | Found an ancient bone altar of Kikubaaqudgha.
   685 | D        | Found a hazy altar of Hepliaklqana.
   685 | D        | Found a stormy altar of Qazlal.
   685 | D        | Found a hide-covered altar of Uskayaw.
   685 | D        | Found a blossoming altar of Fedhas.
   685 | D        | Found a bloodstained altar of Trog.
   685 | D        | Found an iron altar of Okawaru.
   685 | D        | Found a basalt altar of Yredelemnul.
   685 | D        | Found a glowing golden altar of the Shining One.
   685 | D        | Found a snail-covered altar of Cheibriados.
   685 | D        | Found a sacrificial altar of Ru.
   685 | D        | Found a glowing silver altar of Zin.
   685 | D        | Found a shadowy altar of Dithmenos.
   685 | D        | Found a white marble altar of Elyvilon.
   685 | D        | Noticed a yak
   692 | D        | Killed a yak
   692 | D        | Reached * piety under Sif Muna
   698 | D        | Found an opulent altar of Gozag.
   699 | D        | Found a sparkling altar of Nemelex Xobeh.
   750 | D        | Learned a level 5 spell: Fireball
   754 | D        | Noticed Sonja
   756 | D        | Killed Sonja
   757 | D        | Reached skill level 1 in Hexes
   757 | D        | Reached skill level 13 in Fire Magic
   757 | D        | Reached skill level 5 in Invocations
   757 | D        | Reached XP level 8. HP: 47/47 MP: 14/17
   816 | D        | Found Melew's Distillery.
   836 | D        | Noticed a deep troll
   843 | D        | Killed a deep troll
   844 | D        | Reached skill level 1 in Fighting
   844 | D        | Reached skill level 5 in Dodging
   844 | D        | Reached skill level 14 in Fire Magic
   844 | D        | Reached XP level 9. HP: 53/53 MP: 5/19
   856 | D        | Found Ginu Tae's Armour Emporium.
   961 | D        | Noticed a kobold demonologist
   961 | D        | Noticed a kobold demonologist
   962 | D        | Reached ** piety under Sif Muna
   965 | D        | Killed a kobold demonologist
   968 | D        | Noticed a soul eater
   970 | D        | Noticed a red devil
   971 | D        | Killed a kobold demonologist
  1091 | D        | Noticed a centaur warrior
  1126 | D        | Noticed a centaur warrior
  1129 | D        | Killed a centaur warrior
  1130 | D        | Reached skill level 15 in Fire Magic
  1130 | D        | Killed a centaur warrior
  1130 | D        | Reached *** piety under Sif Muna
  1131 | D        | Reached XP level 10. HP: 58/58 MP: 0/22
  1328 | D        | Noticed an oklob plant
  1348 | D        | Killed an oklob plant
  1349 | D        | Reached skill level 10 in Conjurations
  1476 | D        | Reached **** piety under Sif Muna
  1477 | D        | Reached skill level 16 in Fire Magic
  1606 | D        | Killed an unseen horror
  1606 | D        | Killed an unseen horror
  1611 | D        | Reached ***** piety under Sif Muna
  1618 | D        | Received a gift from Sif Muna
  1629 | D        | Paralysed by a floating eye for 4 turns
  1635 | D        | Received a gift from Sif Muna
  1636 | D        | Got Sif Muna's Tome of Fiery Beguiling {god gift}
  1783 | D        | Identified the +11 flail of Tomorrow {vorpal, Str+5 Int+2}
  1801 | D        | Found Jacotsep's Magic Scroll Shoppe.
  1801 | D        | Found Suotre's Antique Weapon Shop.
  1801 | D        | Found Pit Pur's Armour Boutique.
  1803 | D        | Found Maps's Antique Armour Emporium.
  1803 | D        | Found Aqiabrin's Magic Scroll Shop.
  1803 | D        | Found Destya Kili's General Store.
  1803 | D        | Found Lofoogai's Assorted Antiques.
  1803 | D        | Found Jufomirr's Weapon Emporium.
  1803 | D        | Found Quihodgho's Weapon Shop.
  1803 | D        | Found Berio's Distillery.
  1806 | D        | Bought a scroll of acquirement for 624 gold pieces
  1807 | D        | Found Zexalaad's Weapon Boutique.
  1808 | D        | Found Fesaiw's Armour Emporium.
  1808 | D        | Found Yqamua's Magic Scroll Boutique.
  1809 | D        | Found Kohatoof's Armour Emporium.
  1818 | D        | Bought the +2 hood of the Assassin {Detection Stab+
                  | Stlth++} for 780 gold pieces
  1818 | D        | Found the +2 hood of the Assassin {Detection Stab+ Stlth++}
  1825 | D        | Acquired the ring "Iwimoox" {rC+ rCorr Int+9 Dex-2}
  1893 | D        | Learned a level 3 spell: Summon Guardian Golem
  1922 | D        | Noticed a shining eye
  1922 | D        | Noticed a shining eye
  1922 | D        | Noticed a shining eye
  1965 | D        | Gained mutation: You are clumsy. (Dex -2) [a shining eye]
  1966 | D        | Killed a shining eye
  1966 | D        | Noticed a shining eye
  1967 | D        | Reached skill level 1 in Shields
  2046 | D        | Noticed a shining eye
  2066 | D        | Killed a shining eye
  2067 | D        | Reached XP level 11. HP: 63/63 MP: 16/24
  2070 | D        | Paralysed by a floating eye for 3 turns
  2075 | D        | Paralysed by a floating eye for 3 turns
  2077 | D        | Noticed a shining eye
  2144 | D        | Killed a shining eye
  2145 | D        | Reached skill level 10 in Spellcasting
  2150 | D        | Gained mutation: Potions are less effective at restoring
                  | your health. [a shining eye]
  2152 | D        | Killed a shining eye
  2153 | D        | Reached skill level 1 in Summonings
  2155 | D        | Killed a shining eye
  2156 | D        | Reached skill level 17 in Fire Magic
  2156 | D        | Paralysed by a floating eye for 4 turns
  2161 | D        | Paralysed by a floating eye for 4 turns
  2168 | D        | Paralysed by a floating eye for 4 turns
  2177 | D        | Received a gift from Sif Muna
  2191 | D        | Gained mutation: Your magical capacity is low. (-10% MP) [a
                  | shining eye]
  2193 | D        | Killed a shining eye
  2195 | D        | Got Sif Muna's Compendium of the Unholy Oath {god gift}
  2265 | D        | Noticed a shining eye
  2265 | D        | Noticed a shining eye
  2291 | D        | Killed a shining eye
  2323 | D        | Killed a shining eye
  2341 | D        | Found Fucoskun's Book Shoppe.
  2341 | D        | Found Juxkunoc's Antique Armour Shop.
  2341 | D        | Found Woquneoj's Weapon Emporium.
  2341 | D        | Found Wedaipy's Book Boutique.
  2461 | D        | Learned a level 4 spell: Fulminant Prism
  2514 | D        | Received a gift from Sif Muna
  2515 | D        | Reached skill level 5 in Shields
  2515 | D        | Got Ludghez's Compendium of Heat and Confrontation {god
                  | gift}
  2521 | D        | Learned a level 4 spell: Hailstorm
  2525 | D        | Learned a level 3 spell: Stone Arrow
  2665 | D        | Noticed a lindwurm
  2669 | D        | Killed a lindwurm
  2670 | D        | Reached skill level 1 in Maces & Flails
  2729 | D        | Received a gift from Sif Muna
  2730 | D        | Got Sif Muna's Papyrus of the Mountains {god gift}
  3101 | D        | Noticed a 12-headed hydra
  3102 | D        | Received a gift from Sif Muna
  3105 | D        | Killed a 12-headed hydra
  3106 | D        | Reached XP level 12. HP: 70/70 MP: 11/24
  3108 | D        | Got Sif Muna's Disquisition on Calling and Attacks {god
                  | gift}
  3161 | D        | Bought 2 potions of resistance for 260 gold pieces
  3380 | D        | Reached ****** piety under Sif Muna
  3381 | D        | Reached skill level 18 in Fire Magic
  3381 | D        | Killed a deep elf annihilator
  3381 | D        | Received a gift from Sif Muna
  3384 | D        | Got Sif Muna's Collected Works on Conjuration and
                  | Contamination {god gift}
  3518 | D        | Noticed a mummy priest
  3521 | D        | Killed a mummy priest
  3523 | D        | Identified the +8 great mace "Tajoexiq" {drain, Fly rPois
                  | rF- rC++}
  3695 | D        | Learned a level 7 spell: Orb of Destruction
  3701 | D        | Learned a level 5 spell: Bolt of Magma
  3705 | D        | Learned a level 3 spell: Mephitic Cloud
  3721 | D        | Noticed the 27-headed Lernaean hydra
  3727 | D        | Killed the 27-headed Lernaean hydra
  3728 | D        | Reached skill level 5 in Maces & Flails
  3728 | D        | Reached skill level 15 in Conjurations
  3728 | D        | Reached skill level 19 in Fire Magic
  3859 | D        | Noticed a deep elf master archer
  3869 | D        | Killed a deep elf master archer
  4029 | D        | Identified the +6 broad axe of Kuaguscho {protect, rF+
                  | Dex+7}
  4096 | D        | Found the +10 dark maul {vorpal}
  4185 | D        | Noticed a daeva
  4193 | D        | Reached XP level 13. HP: 68/76 MP: 15/27
  4485 | D        | Killed a daeva
  4486 | D        | Reached skill level 1 in Ice Magic
  4663 | D        | Identified the +7 arbalest of Defence by Offence {elec,
                  | Str+10 SInv}
  4891 | D        | Noticed a fire giant
  4899 | D        | Noticed a fire giant
  4901 | D        | Noticed a fire giant
  4902 | D        | Killed a fire giant
  4902 | D        | Received a gift from Sif Muna
  4903 | D        | Reached skill level 5 in Hexes
  4903 | D        | Noticed a fire giant
  5127 | D        | Slain by a fire giant

Illustrated notes

Levels and vault maps discovered:
D:        dungeon_sprint_1 [red_sonja_temple_1, red_sonja_temple_small_1]

Skill      XL: |  1  2  3  4  5  6  7  8  9 10 11 12 13 |
---------------+----------------------------------------+-----
Stealth        | 3 4 5 6 |  6.0
Conjurations   | 2 3 4 5 6 7 9 11 13 16 | 16.7
Fire Magic     | 5 7 9 11 13 14 15 16 17 19 | 19.9
Dodging        | 3 4 5 6 |  6.8
Spellcasting   | 3 4 5 6 8 9 11 13 | 13.6
Invocations    | 2 5 7 9 |  9.0
Hexes          | 1 2 4 5 |  5.0
Fighting       | 1 2 |  2.7
Shields        | 2 5 |  5.0
Summonings     | 2 3 |  3.5
Maces & Flails | 3 5 |  5.2
Ice Magic      | 1 |  1.3
Short Blades   | |  0.7
Throwing       | |  0.6
Earth Magic    | |  0.3

Action                   |  1- 3 |  4- 6 |  7- 9 | 10-12 | 13-15 || total
-------------------------+-------+-------+-------+-------+-------++-------
Melee: Unarmed           |     5 |       |       |       |       ||     5
       Constrict         |     1 |       |     2 |     8 |       ||    11
       Dagger            |       |     2 |       |       |       ||     2
       Short sword       |       |       |     6 |     2 |       ||     8
       Tentacles         |       |       |     1 |     3 |       ||     4
       Flail             |       |       |       |    24 |       ||    24
       Staff             |       |       |       |       |     2 ||     2
Throw: Dart              |       |       |     1 |       |       ||     1
 Cast: Foxfire           |     2 |     3 |     3 |    65 |       ||    73
       Conjure Flame     |     1 |     2 |       |     2 |       ||     5
       Inner Flame       |     1 |     1 |       |       |       ||     2
       Sticky Flame      |       |     2 |     4 |     7 |       ||    13
       Fireball          |       |       |     9 |    56 |       ||    65
       Summon Guardian G |       |       |       |    13 |       ||    13
       Fulminant Prism   |       |       |       |     2 |       ||     2
       Hailstorm         |       |       |       |     2 |    14 ||    16
       Orb of Destructio |       |       |       |     2 |     7 ||     9
       Stone Arrow       |       |       |       |       |     5 ||     5
       Mephitic Cloud    |       |       |       |       |     4 ||     4
Invok: Channel Magic     |       |       |     1 |     3 |     1 ||     5
       Forget Spell      |       |       |       |     3 |       ||     3
  Use: Potion            |     2 |       |       |     6 |       ||     8
       Scroll            |       |       |       |     2 |       ||     2
 Stab: Sleeping          |       |       |       |     1 |       ||     1
Armor: Skin              |       |       |       |     7 |       ||     7
Dodge: Dodged            |       |     4 |     6 |    25 |     1 ||    36
Block: Buckler           |       |       |       |    10 |       ||    10

Table legend: (Time is in decaauts)
 A = Elapsed time spent in this place.
 B = Non-inter-level travel time spent in this place.
 C = Inter-level travel time spent in this place.
 D = Time resting spent in this place.
 E = Time spent auto-exploring this place.
 F = Levels seen in this place.
 G = Mean time per level.
                   A        B        C        D        E       F      G
               +--------+--------+--------+--------+--------+-----+--------+
         Total |   5123 |   5070 |     53 |   3085 |      0 |   1 | 5123.0 |
       Dungeon |   5123 |   5070 |     53 |   3085 |      0 |   1 | 5123.0 |
               +--------+--------+--------+--------+--------+-----+--------+

Top non-repeatable levels by time:
       D: 5123 daAuts
